| TOP OF THE 1ST |
|
Reading Phillies batting - Pitching for Manchester Fisher Cats : RHP Peter Teixeira
|
|
Pitching: RHP Peter Teixeira
|
|
|
Batting: LHB Billy Weems
|
0-0: Ball 1-0: Ball 2-0: Called Strike 2-1: Fly out, F7 (Flyball, 7, EV 76.9 MPH)
|
|
Batting: RHB Dave Sax
|
0-0: Ball 1-0: Ball 2-0: Ball 3-0: Called Strike 3-1: Base on Balls
|
|
Batting: LHB Kenneth Baker
|
0-0: Called Strike 0-1: Ball 1-1: Fly out, F7 (Flyball, 78M, EV 80.0 MPH)
|
|
Batting: RHB Mike Diaz
|
0-0: Ball 1-0: Ground out 6-3 (Groundball, 6S, EV 82.5 MPH)
|
| Top of the 1st over - 0 runs, 0 hits, 0 errors, 1 left on base; Reading 0 - Manchester 0 |
| BOTTOM OF THE 1ST |
|
Manchester Fisher Cats batting - Pitching for Reading Phillies : LHP Gary James
|
|
Pitching: LHP Gary James
|
|
|
Batting: LHB Greg Jemison
|
0-0: Foul Ball, location: 2F 0-1: Ball 1-1: Foul Ball, location: 2F 1-2: Foul Ball, location: 2F 1-2: Ground out 4-3 (Groundball, 34, EV 87.5 MPH)
|
|
Batting: LHB Gene Gentile
|
0-0: Called Strike 0-1: Swinging Strike 0-2: Strikes out looking
|
|
Batting: LHB Mel Hall
|
0-0: Called Strike 0-1: Called Strike 0-2: DOUBLE (Flyball, 78D, EV 93.8 MPH)
|
|
Batting: LHB Barry Butera
|
0-0: Swinging Strike 0-1: Ball 1-1: Ground out 4-3 (Groundball, 34, EV 84.4 MPH)
|
| Bottom of the 1st over - 0 runs, 1 hit, 0 errors, 1 left on base; Reading 0 - Manchester 0 |
| TOP OF THE 2ND |
|
Reading Phillies batting - Pitching for Manchester Fisher Cats : RHP Peter Teixeira
|
|
Batting: LHB Andy Guerrero
|
0-0: Ball 1-0: Swinging Strike 1-1: Ball 2-1: Ground out 5-3 (Groundball, 56, EV 86.3 MPH)
|
|
Batting: RHB Matt Ewing
|
0-0: Ball 1-0: Ground out 4-3 (Groundball, 4, EV 106.9 MPH)
|
|
Batting: SHB Romel Beck
|
0-0: Ball 1-0: Ball 2-0: Called Strike 2-1: Ball 3-1: Foul Ball, location: 2F 3-2: Ground out 1-3 (Groundball, 13S, EV 65.0 MPH)
|
| Top of the 2nd over - 0 runs, 0 hits, 0 errors, 0 left on base; Reading 0 - Manchester 0 |
| BOTTOM OF THE 2ND |
|
Manchester Fisher Cats batting - Pitching for Reading Phillies : LHP Gary James
|
|
Batting: LHB Denny Porter
|
0-0: Called Strike 0-1: Foul Ball, location: 2F 0-2: Foul Ball, location: 2F 0-2: Foul Ball, location: 2F 0-2: Foul Ball, location: 2F 0-2: Fly out, F7 (Line Drive, 7S, EV 88.1 MPH)
|
|
Batting: SHB Valentino Primante
|
0-0: Fly out, F8 (Line Drive, 8LD, EV 100.6 MPH)
|
|
Batting: RHB Tracy Anderson
|
0-0: Called Strike 0-1: Ball 1-1: Swinging Strike 1-2: DOUBLE (Line Drive, 3D, EV 100.6 MPH)
|
|
Batting: RHB Billy Sheehan
|
0-0: Ball 1-0: Ball 2-0: Ball 3-0: Called Strike 3-1: Called Strike 3-2: Foul Ball, location: 2F 3-2: Base on Balls
|
|
Batting: RHB Alex Trevino
|
0-0: 3-RUN HOME RUN (Flyball, 78XD, EV 96.9 MPH), Distance : 391 ft
|
|
Batting: LHB Greg Jemison
|
0-0: Ball 1-0: Called Strike 1-1: SINGLE (Line Drive, 34D, EV 104.4 MPH)
|
|
Batting: LHB Gene Gentile
|
0-0: Ball 1-0: Called Strike 1-1: Foul Ball, location: 2F 1-2: Ball Greg Jemison steals 2nd base 2-2: Ball 3-2: Base on Balls
|
|
Batting: LHB Mel Hall
|
0-0: Ball 1-0: Ball 2-0: Called Strike 2-1: Called Strike 2-2: Ball 3-2: 3-RUN HOME RUN (Flyball, 89XD, EV 93.8 MPH), Distance : 413 ft
|
|
Batting: LHB Barry Butera
|
0-0: Ball 1-0: Swinging Strike 1-1: Ball 2-1: Foul Ball, location: 2F 2-2: Foul Ball, location: 2F 2-2: Ball 3-2: Foul Ball, location: 2F 3-2: Base on Balls
|
|
Pitching: RHP John Calzia
|
|
|
Batting: LHB Denny Porter
|
0-0: Ball 1-0: Ball 2-0: Called Strike 2-1: Called Strike 2-2: Strikes out swinging
|
| Bottom of the 2nd over - 6 runs, 4 hits, 0 errors, 1 left on base; Reading 0 - Manchester 6 |
| TOP OF THE 3RD |
|
Reading Phillies batting - Pitching for Manchester Fisher Cats : RHP Peter Teixeira
|
|
Batting: RHB Roger Nolan
|
0-0: Ball 1-0: Ball 2-0: Foul Ball, location: 2F 2-1: SINGLE (Line Drive, 89S, EV 98.8 MPH)
|
|
Batting: LHB Johnny Crawford
|
0-0: Called Strike Roger Nolan steals 2nd base 0-1: Ball 1-1: Foul Ball, location: 2F 1-2: Ball 2-2: Ball 3-2: Foul Ball, location: 2F 3-2: DOUBLE (Line Drive, 7LM, EV 110.0 MPH) Roger Nolan scores
|
|
Batting: LHB Billy Weems
|
0-0: Foul Ball, location: 2F 0-1: Foul Ball, location: 2F 0-2: Ground out U3 (Groundball, 3S, EV 85.6 MPH) Johnny Crawford to third
|
|
Batting: RHB Dave Sax
|
0-0: Swinging Strike 0-1: Fly out, F3 (Popup, 23F, EV 90.6 MPH)
|
|
Batting: LHB Kenneth Baker
|
0-0: Ball 1-0: Ball 2-0: Fly out, F7 (Flyball, 7D, EV 91.3 MPH)
|
| Top of the 3rd over - 1 run, 2 hits, 0 errors, 1 left on base; Reading 1 - Manchester 6 |
| BOTTOM OF THE 3RD |
|
Manchester Fisher Cats batting - Pitching for Reading Phillies : RHP John Calzia
|
|
Batting: SHB Valentino Primante
|
0-0: Called Strike 0-1: Ball 1-1: Ball 2-1: Ball 3-1: Base on Balls
|
|
Batting: RHB Tracy Anderson
|
0-0: Ball 1-0: Ball 2-0: Swinging Strike 2-1: Foul Ball, location: 2F 2-2: Foul Ball, location: 2F 2-2: Fly out, F9 (Flyball, 9, EV 93.1 MPH)
|
|
Batting: RHB Billy Sheehan
|
0-0: Ball 1-0: Ball Valentino Primante steals 2nd base 2-0: Ball 3-0: Base on Balls
|
|
Batting: RHB Alex Trevino
|
0-0: Fly out, F8 (Flyball, 8RD, EV 104.4 MPH)
|
|
Batting: LHB Greg Jemison
|
0-0: Ball 1-0: Called Strike 1-1: Ball 2-1: Foul Ball, location: 2F 2-2: Ball 3-2: Base on Balls Valentino Primante to third Billy Sheehan to second
|
|
Batting: LHB Gene Gentile
|
0-0: Foul Ball, location: 2F 0-1: Fly out, F6 (Popup, 56D, EV 55.6 MPH)
|
| Bottom of the 3rd over - 0 runs, 0 hits, 0 errors, 3 left on base; Reading 1 - Manchester 6 |
| TOP OF THE 4TH |
|
Reading Phillies batting - Pitching for Manchester Fisher Cats : RHP Peter Teixeira
|
|
Batting: RHB Mike Diaz
|
0-0: Swinging Strike 0-1: SINGLE (Groundball, 56D, EV 105.6 MPH)
|
|
Batting: LHB Andy Guerrero
|
0-0: Ball 1-0: Called Strike 1-1: Fly out, F8 (Flyball, 8RD, EV 99.4 MPH)
|
|
Batting: RHB Matt Ewing
|
0-0: DOUBLE (Line Drive, 7LM, EV 109.4 MPH) Mike Diaz to third Mike Diaz scores
|
|
Batting: SHB Romel Beck
|
0-0: Called Strike 0-1: Ball 1-1: Swinging Strike 1-2: Foul Ball, location: 2F 1-2: Foul Ball, location: 2F 1-2: Strikes out looking
|
|
Batting: RHB Roger Nolan
|
0-0: Called Strike 0-1: Swinging Strike 0-2: SINGLE (Groundball, 4D, EV 96.3 MPH) Matt Ewing to third Runner from 3rd tries for Home, SAFE, throw by CF to home
|
|
Batting: LHB Johnny Crawford
|
0-0: Ball 1-0: Called Strike 1-1: Ball 2-1: Ball 3-1: Swinging Strike 3-2: Foul Ball, location: 2F 3-2: Strikes out swinging
|
| Top of the 4th over - 2 runs, 3 hits, 0 errors, 1 left on base; Reading 3 - Manchester 6 |
| BOTTOM OF THE 4TH |
|
Manchester Fisher Cats batting - Pitching for Reading Phillies : RHP John Calzia
|
|
Batting: LHB Mel Hall
|
0-0: Ball 1-0: Called Strike 1-1: Swinging Strike 1-2: Fly out, F8 (Flyball, 8RM, EV 79.4 MPH)
|
|
Batting: LHB Barry Butera
|
0-0: Ball 1-0: Foul Ball, location: 2F 1-1: Fly out, F5 (Popup, 5D, EV 54.4 MPH)
|
|
Batting: LHB Denny Porter
|
0-0: Ball 1-0: SINGLE (Groundball, 34D, EV 106.3 MPH)
|
|
Batting: SHB Valentino Primante
|
0-0: Ball 1-0: Foul Ball, location: 2F 1-1: Ball 2-1: Called Strike 2-2: Foul Ball, location: 2F 2-2: Strikes out swinging
|
| Bottom of the 4th over - 0 runs, 1 hit, 0 errors, 1 left on base; Reading 3 - Manchester 6 |
| TOP OF THE 5TH |
|
Reading Phillies batting - Pitching for Manchester Fisher Cats : RHP Peter Teixeira
|
|
Batting: LHB Billy Weems
|
0-0: Swinging Strike 0-1: Ball 1-1: Foul Ball, location: 2F 1-2: Ball 2-2: Ground out 5-3 (Groundball, 56S, EV 78.8 MPH)
|
|
Batting: RHB Dave Sax
|
0-0: Foul Ball, location: 2F 0-1: SINGLE (Flyball, 7LS, EV 96.9 MPH)
|
|
Batting: LHB Kenneth Baker
|
0-0: Ball 1-0: Ball Dave Sax is caught stealing 2nd base 2-6 2-0: Ball 3-0: Called Strike 3-1: Foul Ball, location: 2F 3-2: Ground out 4-3 (Groundball, 4S, EV 82.5 MPH)
|
| Top of the 5th over - 0 runs, 1 hit, 0 errors, 0 left on base; Reading 3 - Manchester 6 |
| BOTTOM OF THE 5TH |
|
Manchester Fisher Cats batting - Pitching for Reading Phillies : RHP John Calzia
|
|
Batting: RHB Tracy Anderson
|
0-0: Ball 1-0: Foul Ball, location: 2F 1-1: Ball 2-1: Ball 3-1: Base on Balls
|
|
Batting: RHB Billy Sheehan
|
0-0: Sac Bunt to 23 - play at first, batter OUT! 3-4 Tracy Anderson to second
|
|
Batting: RHB Alex Trevino
|
0-0: Ball 1-0: Fly out, F7 (Flyball, 7S, EV 91.3 MPH)
|
|
Batting: LHB Greg Jemison
|
0-0: Ball Wild Pitch! Tracy Anderson to third 1-0: Called Strike 1-1: Ground out 4-3 (Groundball, 4, EV 85.0 MPH)
|
| Bottom of the 5th over - 0 runs, 0 hits, 0 errors, 1 left on base; Reading 3 - Manchester 6 |
| TOP OF THE 6TH |
|
Reading Phillies batting - Pitching for Manchester Fisher Cats : RHP Peter Teixeira
|
|
Batting: RHB Mike Diaz
|
0-0: Ball 1-0: Fly out, F8 (Flyball, 8RD, EV 91.3 MPH)
|
|
Batting: LHB Andy Guerrero
|
0-0: Hit by Pitch
|
|
Batting: RHB Matt Ewing
|
0-0: Ball 1-0: Ball 2-0: Foul Ball, location: 2F 2-1: Ball 3-1: Base on Balls Andy Guerrero to second
|
|
Batting: SHB Romel Beck
|
0-0: Called Strike 0-1: Foul Ball, location: 2F 0-2: Foul Ball, location: 2F 0-2: Ball 1-2: Ball 2-2: Foul Ball, location: 2F 2-2: DOUBLE (Line Drive, 7LD, EV 98.8 MPH) Andy Guerrero scores Matt Ewing to third
|
|
Batting: RHB Roger Nolan
|
0-0: Ball 1-0: Called Strike 1-1: Foul Ball, location: 2F 1-2: Ball 2-2: 3-RUN HOME RUN (Flyball, 7D, EV 91.3 MPH), Distance : 355 ft
|
|
Pitching: LHP Richard Miller
|
|
|
Batting: LHB Johnny Crawford
|
0-0: Ground out 4-3 (Groundball, 34D, EV 98.8 MPH)
|
|
Batting: LHB Billy Weems
|
0-0: Ball 1-0: Ball 2-0: Ground out 6-3 (Groundball, 6S, EV 70.0 MPH)
|
| Top of the 6th over - 4 runs, 2 hits, 0 errors, 0 left on base; Reading 7 - Manchester 6 |
| BOTTOM OF THE 6TH |
|
Manchester Fisher Cats batting - Pitching for Reading Phillies : RHP John Calzia
|
|
Batting: LHB Gene Gentile
|
0-0: DOUBLE (Flyball, 8LXD, EV 96.9 MPH)
|
|
Pitching: RHP Mark Parker
|
|
|
Batting: LHB Mel Hall
|
0-0: Ball 1-0: Ground out 6-3 (Groundball, 6, EV 77.5 MPH) Gene Gentile to third
|
|
Batting: LHB Barry Butera
|
0-0: Called Strike 0-1: Ball 1-1: Fly out, F8 (Flyball, 8RD, EV 96.3 MPH) Runner from 3rd tags up, SCORES, no throw by CF
|
|
Batting: LHB Denny Porter
|
0-0: Foul Ball, location: 2F 0-1: Ball 1-1: Ball 2-1: Swinging Strike 2-2: Ball 3-2: Strikes out looking
|
| Bottom of the 6th over - 1 run, 1 hit, 0 errors, 0 left on base; Reading 7 - Manchester 7 |
| TOP OF THE 7TH |
|
Reading Phillies batting - Pitching for Manchester Fisher Cats : LHP Richard Miller
|
|
Batting: RHB Dave Sax
|
0-0: Ball 1-0: Called Strike 1-1: Ball 2-1: Swinging Strike 2-2: Ball 3-2: Base on Balls
|
|
Batting: LHB Kenneth Baker
|
0-0: Called Strike 0-1: Ball 1-1: Ball 2-1: Fielders Choice at 2nd, 4-6 (Groundball, 4, EV 90.0 MPH)
|
|
Batting: RHB Mike Diaz
|
0-0: Foul Ball, location: 2F 0-1: Swinging Strike 0-2: Ball 1-2: Foul Ball, location: 2F 1-2: Grounds into double play, 1-4-3 (Groundball, 15S, EV 60.6 MPH)
|
| Top of the 7th over - 0 runs, 0 hits, 0 errors, 0 left on base; Reading 7 - Manchester 7 |
| BOTTOM OF THE 7TH |
|
Manchester Fisher Cats batting - Pitching for Reading Phillies : RHP Mark Parker
|
|
Batting: SHB Valentino Primante
|
0-0: Ball 1-0: Ground out U3 (Groundball, 3, EV 83.1 MPH)
|
|
Batting: RHB Tracy Anderson
|
0-0: Swinging Strike 0-1: Fly out, F8 (Flyball, 89D, EV 88.8 MPH)
|
|
Batting: RHB Billy Sheehan
|
0-0: Ball 1-0: Ball 2-0: Swinging Strike 2-1: Ball 3-1: Swinging Strike 3-2: Foul Ball, location: 2F 3-2: Strikes out swinging
|
| Bottom of the 7th over - 0 runs, 0 hits, 0 errors, 0 left on base; Reading 7 - Manchester 7 |
| TOP OF THE 8TH |
|
Reading Phillies batting - Pitching for Manchester Fisher Cats : LHP Richard Miller
|
|
Batting: LHB Andy Guerrero
|
0-0: Called Strike 0-1: SOLO HOME RUN (Flyball, 8RXD, EV 107.5 MPH), Distance : 411 ft
|
|
Batting: RHB Matt Ewing
|
0-0: Ball 1-0: Ball 2-0: DOUBLE (Flyball, 8RXD, EV 100.0 MPH)
|
|
Batting: SHB Romel Beck
|
0-0: Ball 1-0: Ball 2-0: Ball 3-0: Called Strike 3-1: Called Strike 3-2: Ground out 4-3 (Groundball, 4, EV 86.9 MPH) Matt Ewing to third
|
|
Batting: RHB Roger Nolan
|
0-0: Intentional Walk
|
|
Batting: LHB Johnny Crawford
|
0-0: Fly out, F4 (Line Drive, 3, EV 66.9 MPH)
|
|
Batting: LHB Billy Weems
|
0-0: Called Strike 0-1: Ball 1-1: Ground out 4-3 (Groundball, 4, EV 86.3 MPH)
|
| Top of the 8th over - 1 run, 2 hits, 0 errors, 2 left on base; Reading 8 - Manchester 7 |
| BOTTOM OF THE 8TH |
|
Manchester Fisher Cats batting - Pitching for Reading Phillies : RHP Mark Parker
|
|
Batting: RHB Alex Trevino
|
0-0: Called Strike 0-1: Ground out 5-3 (Groundball, 5, EV 106.3 MPH)
|
|
Batting: LHB Greg Jemison
|
0-0: Ball 1-0: Called Strike 1-1: Foul Ball, location: 2F 1-2: Foul Ball, location: 2F 1-2: Ball 2-2: Ball 3-2: SINGLE (Flyball, 9S, EV 90.0 MPH)
|
|
Pitching: RHP Stan Jakubowski
|
|
|
Batting: LHB Gene Gentile
|
0-0: Ball 1-0: Ball 2-0: Called Strike 2-1: Grounds into double play, 5-4-3 (Groundball, 56, EV 83.1 MPH)
|
| Bottom of the 8th over - 0 runs, 1 hit, 0 errors, 0 left on base; Reading 8 - Manchester 7 |
| TOP OF THE 9TH |
|
Reading Phillies batting - Pitching for Manchester Fisher Cats : LHP Richard Miller
|
|
Batting: RHB Dave Sax
|
0-0: Ball 1-0: Swinging Strike 1-1: Ball 2-1: Ball 3-1: Base on Balls
|
|
Batting: LHB Kenneth Baker
|
0-0: Ball 1-0: Foul Ball, location: 2F 1-1: Ball 2-1: Reached on error, E4 (Groundball, 4MD, EV 105.0 MPH) Dave Sax to third
|
|
Batting: RHB Mike Diaz
|
0-0: Intentional Walk
|
|
Batting: LHB Andy Guerrero
|
0-0: Called Strike 0-1: Ball 1-1: Swinging Strike 1-2: Ball 2-2: Foul Ball, location: 2F 2-2: SINGLE (Flyball, 9LS, EV 87.5 MPH) Dave Sax scores Kenneth Baker to third Mike Diaz to second Runner from 3rd tries for Home, SAFE, throw by RF to home
|
|
Pitching: RHP Chris Davis
|
|
|
Batting: RHB Matt Ewing
|
0-0: Bunted foul 0-1: Bunted foul 0-2: Ball 1-2: Fielders Choice at 2nd, 6-4 (Groundball, 56, EV 103.8 MPH) Mike Diaz to third
|
|
Batting: SHB Romel Beck
|
0-0: Ball 1-0: Called Strike 1-1: Foul Ball, location: 2F 1-2: Strikes out swinging
|
|
Batting: RHB Roger Nolan
|
0-0: Ball 1-0: Ball 2-0: Ball 3-0: Called Strike 3-1: Fly out, F9 (Flyball, 9D, EV 86.3 MPH)
|
| Top of the 9th over - 2 runs, 1 hit, 1 error, 2 left on base; Reading 10 - Manchester 7 |
| BOTTOM OF THE 9TH |
|
Manchester Fisher Cats batting - Pitching for Reading Phillies : RHP Stan Jakubowski
|
|
Now at 3B: Greg Dahl
|
|
|
Batting: LHB Mel Hall
|
0-0: Ball 1-0: Ball 2-0: Foul Ball, location: 2F 2-1: Foul Ball, location: 2F 2-2: Reached on error, E4 (Line Drive, 4, EV 68.8 MPH)
|
|
Batting: LHB Barry Butera
|
0-0: Ball 1-0: Foul Ball, location: 2F 1-1: Foul Ball, location: 2F 1-2: Ball 2-2: Foul Ball, location: 2F 2-2: Hit by Pitch Mel Hall to second
|
|
Pitching: LHP Bernard Kacenski
|
|
|
Batting: LHB Denny Porter
|
0-0: Ball 1-0: Ball 2-0: Called Strike 2-1: Grounds into double play, 6-4-3 (Groundball, 6, EV 86.3 MPH) Mel Hall to third
|
|
Batting: SHB Valentino Primante
|
0-0: Foul Ball, location: 2F 0-1: Called Strike 0-2: Fly out, F9 (Flyball, 9LM, EV 99.4 MPH)
|
| Bottom of the 9th over - 0 runs, 0 hits, 1 error, 1 left on base; Reading 10 - Manchester 7 |
|